 Dungeon Crawl Stone Soup version 0.30-a0-1094-g860fb061e7 (webtiles) character file.

Game seed: 4938195211843706417

14 Darkkill the Shooter (level 2, -3/25 HPs)
             Began as a Minotaur Hunter on Apr 17, 2023.
             Slain by Natasha (7 damage)
             ... on level 2 of the Dungeon.
             The game lasted 00:00:29 (387 turns).

Darkkill the Shooter (Minotaur Hunter)               Turns: 387, Time: 00:00:29

Health: -3/25      AC:  3    Str: 15    XL:     2   Next: 31%
Magic:  1/1        EV: 12    Int:  6    God:
Gold:   22         SH:  0    Dex: 13    Spells: 1/1 levels left

rFire   . . .      SeeInvis .    a - +1 shortbow
rCold   . . .      Faith    .    (shield currently unavailable)
rNeg    . . .      Spirit   .    c - +0 leather armour
rPois   .          Reflect  .    (helmet restricted)
rElec   .          Rampage  .    (no cloak)
rCorr   .                        (no gloves)
Will    .....                    (no boots)
Stlth   +                        (no amulet)
HPRegen 0.24/turn                (no ring)
MPRegen 0.07/turn                (no ring)

@: slowed, very slow
A: horns 2, retaliatory headbutt
a: no special abilities


You were on level 2 of the Dungeon.
You visited 1 branch of the dungeon, and saw 2 of its levels.

You collected 22 gold pieces.

Inventory:

Hand Weapons
 a - a +1 shortbow (weapon)
Missiles
 d - 7 stones
Armour
 c - a +0 leather armour (worn)
Scrolls
 b - 3 scrolls of immolation
Potions
 e - a potion of attraction {unknown}


   Skills:
 + Level 2.8 Fighting
 + Level 4.5 Ranged Weapons
 + Level 2.5 Dodging
 + Level 1.2 Stealth


You had one spell level left.
You didn't know any spells.
Your spell library contained the following spells:

 Spells                   Type           Power      Damage    Failure   Level
 Animate Armour           Summ/Erth      0%         N/A       99%         4
 Blade Hands              Tmut           0%         N/A       100%        5
 Iron Shot                Conj/Erth      0%         9d1       100%        6


Dungeon Overview and Level Annotations

Branches:
Dungeon (2/15)

Altars:

Annotations:
D:2 Natasha


Innate Abilities, Weirdness & Mutations

You have a pair of horns on your head.
You reflexively headbutt those who attack you in melee.


Message History

You kill the goblin!
f - a scroll labelled EDYEXT PEESCH No target in view!
A goblin comes into view. It is wielding a +0 club.
A goblin is nearby!
You shoot an arrow. The arrow hits the goblin.
The goblin is severely wounded.
A goblin comes into view. It is wielding a +0 club.
There are monsters nearby!
You shoot an arrow. The arrow hits the goblin.
You kill the goblin!
No target in view!
A goblin is nearby!
You shoot an arrow. The arrow hits the goblin.
The goblin is heavily wounded.
A goblin is nearby!
You shoot an arrow. The arrow closely misses the goblin.
A goblin is nearby!
A goblin is nearby!
You shoot an arrow. The arrow hits the goblin!
You kill the goblin!
You see here a +0 club.
b - 3 scrolls of immolation (gained 2)
You see here a +0 club.
Found a plate armour.
No target in view!
d - 7 stones (gained 5)
You pick up a book of Iron and begin reading...
You add the spells Animate Armour, Blade Hands and Iron Shot to your library.
No target in view!
No target in view!
You see here a +0 club.
Found a stone staircase leading down.
You see here a hobgoblin skeleton.
g - a scroll labelled MAR CEOGOTAKH No target in view!
Done exploring.
No target in view!
Done exploring.
No target in view!
Done exploring.
No target in view!
As you read the scroll labelled EDYEXT PEESCH, it crumbles to dust.
The scroll dissolves into smoke.
It was a scroll of fog.
As you read the scroll labelled MAR CEOGOTAKH, it crumbles to dust.
It is a scroll of enchant weapon.
Your +0 shortbow glows red for a moment.
There is a stone staircase leading down here.
You climb downwards.
There is a stone staircase leading up here.
Natasha is nearby!
You shoot an arrow. The arrow closely misses Natasha.
Natasha is nearby!
You shoot an arrow. The arrow barely misses Natasha.
Natasha is nearby!
You shoot an arrow. The arrow barely misses Natasha.
Natasha claws you.
Natasha mumbles some strange words.
You feel troubled. Natasha claws you but does no damage.
Natasha is nearby!
You shoot an arrow. The arrow closely misses Natasha.
Natasha claws you.
You shoot an arrow.
The arrow hits Natasha but does no damage.
Natasha casts a spell.
Natasha claws you.
There are monsters nearby!
You shoot an arrow. The arrow closely misses Natasha.
The cerulean imp closely misses you.
Natasha stares at you and mumbles some strange words.
You feel yourself slow down.
You shoot an arrow. The arrow barely misses Natasha.
Natasha hisses.
Natasha claws you but does no damage. The cerulean imp closely misses you.
The cerulean imp hits you from afar with a +2 spear.
Natasha casts a spell at you. You resist with significant effort.
You shoot an arrow. The arrow hits Natasha.
Natasha is heavily wounded.
The cerulean imp misses you. Natasha casts a spell at you.
You feel as though you will be slow longer.
Natasha claws you.
The cerulean imp hits you from afar with a +2 spear.
You shoot an arrow. The arrow hits Natasha.
Natasha is heavily wounded.
The cerulean imp closely misses you. Natasha claws you but does no damage.
The cerulean imp hits you from afar with a +2 spear.
* * * LOW HITPOINT WARNING * * *
Natasha completely misses you.
You shoot an arrow. The arrow hits Natasha.
Natasha is heavily wounded.
The cerulean imp closely misses you. Natasha barely misses you.
The cerulean imp misses you. Natasha casts a spell at you.
The magic dart hits you.
* * * LOW HITPOINT WARNING * * *
You shoot an arrow. The arrow hits Natasha.
Natasha is almost dead.
The cerulean imp barely misses you. Natasha claws you!
You die...

########.#..#
#....@h......
#.......#####
.........5+
###.......#
#.......#
#.......#
#########


You could see Natasha and a cerulean imp (summoned).

Vanquished Creatures
  An endoplasm (D:1)
  3 goblins (D:1)
  2 hobgoblins (D:1)
  2 kobolds (D:1)
  2 ball pythons (D:1)
  2 frilled lizards (D:1)
  A rat (D:1)
13 creatures vanquished.

Notes
Turn   | Place    | Note
-------+----------+-------------------------------------------
     0 | D:1      | Darkkill the Minotaur Hunter began the quest for the Orb.
     0 | D:1      | Reached XP level 1. HP: 18/18 MP: 0/0
    30 | D:1      | Reached skill level 1 in Stealth
   135 | D:1      | Reached XP level 2. HP: 25/25 MP: 1/1
   376 | D:2      | Noticed Natasha
   385 | D:2      | HP: 5/25 [cerulean imp/+2 spear[Natasha] (4)]
   387 | D:2      | Slain by Natasha

Illustrated notes

Levels and vault maps discovered:
D:1:      heliophobic_arrival_battle_scene, layout_rooms
D:2:      layout_basic, basic_ecumenical_altar, interstate_on_off,
          minmay_misc_feat_roman, uniq_natasha

Skill      XL: |  1 |
---------------+----+-----
Stealth        | 1 |  1.2
Fighting       | |  2.8
Ranged Weapons | |  4.5
Dodging        | |  2.5

Action                     || total
---------------------------++-------
   Fire: Shortbow          ||    37
    Use: Scroll            ||     2
 Armour: Leather armour    ||     3
  Dodge: Dodged            ||    13

Table legend: (Time is in decaauts)
 A = Elapsed time spent in this place.
 B = Non-inter-level travel time spent in this place.
 C = Inter-level travel time spent in this place.
 D = Time resting spent in this place.
 E = Time spent auto-exploring this place.
 F = Levels seen in this place.
 G = Mean time per level.
                   A        B        C        D        E       F      G
               +--------+--------+--------+--------+--------+-----+--------+
         Total |    400 |    395 |      5 |      0 |    320 |   2 |  200.0 |
       Dungeon |    400 |    395 |      5 |      0 |    320 |   2 |  200.0 |
               +--------+--------+--------+--------+--------+-----+--------+

Top non-repeatable levels by time:
     D:1: 383 daAuts
     D:2: 16 daAuts

Table legend:
 A = Kills in this place as a percentage of kills in the entire game.
 B = Kills by you in this place as a percentage of kills by you in the entire game.
 C = Kills by friends in this place as a percentage of kills by friends in the entire game.
 D = Other kills in this place as a percentage of other kills in the entire game.
 E = Experience gained in this place as a percentage of experience gained in the entire game.
 F = Experience gained in this place divided by the number of levels of this place that you have seen.
                   A       B       C       D       E      F
               +-------+-------+-------+-------+-------+----------------------
         Total | 100.0 | 100.0 |   N/A |   N/A | 100.0 |  10.5
       Dungeon | 100.0 | 100.0 |   N/A |   N/A | 100.0 |  10.5
               +-------+-------+-------+-------+-------+----------------------
